AA CENTRAL
MIDLAND ROCKHOUNDS @ TULSA DRILLERS
05/28/2042
 
TOP OF THE 1ST
Midland RockHounds batting - Pitching for Tulsa Drillers : LHP Jorge Marín
Pitching: LHP Jorge Marín
Batting: RHB Tim Ladner 0-0: DOUBLE (Flyball, 89XD, EV 110.0 MPH)
Batting: LHB Steve Hamilton 0-0: Ball
1-0: Ball
2-0: Ball
3-0: Called Strike
3-1: Swinging Strike
3-2: Strikes out looking
Batting: RHB Sandoval Buitrago 0-0: Ball
1-0: Called Strike
1-1: Ball
2-1: Fly out, F6 (Popup, 6M, EV 57.5 MPH)
Batting: SHB Jim Douglas 0-0: Swinging Strike
0-1: Foul Ball, location: 9LMF
0-2: Fly out, F7 (Line Drive, 7, EV 101.3 MPH)
Top of the 1st over - 0 runs, 1 hit, 0 errors, 1 left on base; Midland 0 - Tulsa 0
BOTTOM OF THE 1ST
Tulsa Drillers batting - Pitching for Midland RockHounds : RHP Tomás Jaramillo
Pitching: RHP Tomás Jaramillo
Batting: RHB Tony Hondo 0-0: Fly out, F9 (Flyball, 89S, EV 90.6 MPH)
Batting: RHB Ezequiel Alfaro 0-0: Ball
1-0: Ball
2-0: Foul Ball, location: 25F
2-1: Ball
3-1: Swinging Strike
3-2: Strikes out looking
Batting: RHB Jim Turner 0-0: Ball
1-0: Ball
2-0: Called Strike
2-1: Called Strike
2-2: Strikes out looking
Bottom of the 1st over - 0 runs, 0 hits, 0 errors, 0 left on base; Midland 0 - Tulsa 0
TOP OF THE 2ND
Midland RockHounds batting - Pitching for Tulsa Drillers : LHP Jorge Marín
Batting: SHB Jim Brown 0-0: Called Strike
0-1: Fly out, F8 (Flyball, 8RD, EV 108.1 MPH)
Batting: LHB Jim Gibson 0-0: Ball
1-0: Ball
2-0: Bunt missed!
2-1: Called Strike
2-2: SINGLE (Line Drive, 9S, EV 105.6 MPH)
Pitching: RHP Ángelo Vázquez
Batting: RHB Andy Gray 0-0: Ball
1-0: Ball
2-0: Called Strike
2-1: Foul Ball, location: 9LMF
2-2: Ball
3-2: Base on Balls
Jim Gibson to second
Batting: LHB Arturo Souza 0-0: SINGLE (Groundball, 34D, EV 94.4 MPH)
Jim Gibson to third
Andy Gray to second
Runner from 3rd tries for Home, SAFE, throw by RF to home
Batting: LHB Kevin Miller 0-0: Swinging Strike
0-1: Swinging Strike
0-2: Strikes out swinging
Batting: RHB Tim Ladner 0-0: Foul Ball, location: 3FF
0-1: Ball
1-1: Called Strike
1-2: Ball
2-2: Strikes out swinging
Top of the 2nd over - 1 run, 2 hits, 0 errors, 2 left on base; Midland 1 - Tulsa 0
BOTTOM OF THE 2ND
Tulsa Drillers batting - Pitching for Midland RockHounds : RHP Tomás Jaramillo
Batting: LHB Phil Simmons 0-0: Called Strike
0-1: Ball
1-1: Ball
2-1: Foul Ball, location: 2F
2-2: Foul Ball, location: 7LMF
2-2: Foul Ball, location: 7LMF
2-2: SOLO HOME RUN (Flyball, 89XD, EV 99.4 MPH), Distance : 391 ft
Batting: RHB Aodhán Drinkall 0-0: Fly out, F2 (Popup, 13S, EV 83.1 MPH)
Batting: RHB Qabil Makaev 0-0: Ground out 6-3 (Groundball, 6, EV 86.9 MPH)
Batting: LHB Orlando Aponte 0-0: Ball
1-0: Ball
2-0: Called Strike
2-1: Ball
3-1: Foul Ball, location: 3FF
3-2: Base on Balls
Batting: LHB Wilbert McDermid 0-0: Foul Ball, location: 2F
0-1: Ball
1-1: Swinging Strike
1-2: Ball
Wild Pitch!
Orlando Aponte to second
2-2: Ball
3-2: Strikes out swinging
Bottom of the 2nd over - 1 run, 1 hit, 0 errors, 1 left on base; Midland 1 - Tulsa 1
TOP OF THE 3RD
Midland RockHounds batting - Pitching for Tulsa Drillers : RHP Ángelo Vázquez
Batting: LHB Steve Hamilton 0-0: Ball
1-0: Ball
2-0: Called Strike
2-1: Ball
3-1: Base on Balls
Batting: RHB Sandoval Buitrago 0-0: Ball
1-0: Ball
2-0: Called Strike
2-1: Swinging Strike
2-2: Foul Ball, location: 9LSF
2-2: Foul Ball, location: 3DF
2-2: Foul Ball, location: 5DF
2-2: Grounds into double play, 6-4-3 (Groundball, 56, EV 78.8 MPH)
Batting: SHB Jim Douglas 0-0: Called Strike
0-1: Ball
1-1: DOUBLE (Line Drive, 8RXD, EV 102.5 MPH)
Batting: SHB Jim Brown 0-0: Ball
1-0: Ball
2-0: SINGLE (Groundball, 6MD, EV 96.3 MPH)
Jim Douglas to third
Runner from 3rd tries for Home, SAFE, throw by CF to home
Jim Brown to second
Batting: LHB Jim Gibson 0-0: Called Strike
0-1: Ball
1-1: Ball
2-1: Ball
3-1: Base on Balls
Batting: RHB Andy Gray 0-0: Called Strike
0-1: Swinging Strike
0-2: Ball
1-2: Ball
2-2: Strikes out looking
Top of the 3rd over - 1 run, 2 hits, 0 errors, 2 left on base; Midland 2 - Tulsa 1
BOTTOM OF THE 3RD
Tulsa Drillers batting - Pitching for Midland RockHounds : RHP Tomás Jaramillo
Batting: LHB Cris Adaricio 0-0: Ball
1-0: SINGLE (Line Drive, 8RS, EV 98.1 MPH)
Batting: RHB Tony Hondo 0-0: Called Strike
0-1: Called Strike
0-2: Grounds into double play, 5-4-3 (Groundball, 56D, EV 102.5 MPH)
Batting: RHB Ezequiel Alfaro 0-0: Ball
1-0: SOLO HOME RUN (Flyball, 78XD, EV 96.9 MPH), Distance : 398 ft
Batting: RHB Jim Turner 0-0: Called Strike
0-1: Ball
1-1: Ball
2-1: Foul Ball, location: 2F
2-2: Ball
3-2: Base on Balls
Batting: LHB Phil Simmons 0-0: Called Strike
0-1: Ball
1-1: Swinging Strike
1-2: Fly out, F8 (Flyball, 8RXD, EV 104.4 MPH)
Bottom of the 3rd over - 1 run, 2 hits, 0 errors, 1 left on base; Midland 2 - Tulsa 2
TOP OF THE 4TH
Midland RockHounds batting - Pitching for Tulsa Drillers : RHP Ángelo Vázquez
Batting: LHB Arturo Souza 0-0: Ball
1-0: Called Strike
1-1: Swinging Strike
1-2: Foul Ball, location: 2F
1-2: Fly out, F7 (Line Drive, 7, EV 90.0 MPH)
Batting: LHB Kevin Miller 0-0: Ball
1-0: Ball
2-0: Ball
3-0: Called Strike
3-1: Base on Balls
Batting: RHB Tim Ladner 0-0: Ball
1-0: Called Strike
1-1: SINGLE (Groundball, 34D, EV 97.5 MPH)
Kevin Miller to second
Runner from 2nd tries for 3rd, SAFE, throw by RF made to third
Batting: LHB Steve Hamilton 0-0: Ball
Tim Ladner is caught stealing 2nd base 2-6
1-0: Foul Ball, location: 3SF
1-1: Foul Ball, location: 23F
1-2: Foul Ball, location: 7LDF
1-2: Ball
2-2: DOUBLE (Line Drive, 9LM, EV 100.0 MPH)
Kevin Miller scores
Batting: RHB Sandoval Buitrago 0-0: Called Strike
0-1: Foul Ball, location: 2F
0-2: Fly out, F8 (Line Drive, 8RM, EV 88.1 MPH)
Top of the 4th over - 1 run, 2 hits, 0 errors, 1 left on base; Midland 3 - Tulsa 2
BOTTOM OF THE 4TH
Tulsa Drillers batting - Pitching for Midland RockHounds : RHP Tomás Jaramillo
Batting: RHB Aodhán Drinkall 0-0: Ball
1-0: Fly out, F6 (Popup, P, EV 90.0 MPH)
Batting: RHB Qabil Makaev 0-0: Ball
1-0: Ball
2-0: Called Strike
2-1: Ball
3-1: Called Strike
3-2: Base on Balls
Batting: LHB Orlando Aponte 0-0: Called Strike
0-1: Ball
1-1: Foul Ball, location: 9LSF
1-2: SINGLE (Line Drive, 9LS, EV 109.4 MPH)
Qabil Makaev to second
Batting: LHB Wilbert McDermid 0-0: Swinging Strike
0-1: Foul Ball, location: 3DF
0-2: Strikes out swinging
Batting: LHB Cris Adaricio 0-0: Ball
1-0: Ball
2-0: Called Strike
2-1: Ground out 4-3 (Groundball, 4, EV 102.5 MPH)
Bottom of the 4th over - 0 runs, 1 hit, 0 errors, 2 left on base; Midland 3 - Tulsa 2
TOP OF THE 5TH
Midland RockHounds batting - Pitching for Tulsa Drillers : RHP Ángelo Vázquez
Batting: SHB Jim Douglas 0-0: Swinging Strike
0-1: Ball
1-1: Swinging Strike
1-2: Ball
2-2: Ball
3-2: Base on Balls
Batting: SHB Jim Brown 0-0: Foul Ball, location: 2F
0-1: Ball
1-1: Foul Ball, location: 7LDF
1-2: Grounds into double play, 5-4-3 (Groundball, 5, EV 87.5 MPH)
Batting: LHB Jim Gibson 0-0: Ball
1-0: Ball
2-0: DOUBLE (Line Drive, 9LM, EV 105.0 MPH)
Batting: RHB Andy Gray 0-0: Called Strike
0-1: Foul Ball, location: 9LMF
0-2: Strikes out swinging
Top of the 5th over - 0 runs, 1 hit, 0 errors, 1 left on base; Midland 3 - Tulsa 2
BOTTOM OF THE 5TH
Tulsa Drillers batting - Pitching for Midland RockHounds : RHP Tomás Jaramillo
Batting: RHB Tony Hondo 0-0: Ball
1-0: Called Strike
1-1: Ground out 4-3 (Groundball, 34D, EV 98.8 MPH)
Batting: RHB Ezequiel Alfaro 0-0: Ball
1-0: Bunt for hit to 2L - play at first, batter OUT! 2-3
Batting: RHB Jim Turner 0-0: Called Strike
0-1: Foul Ball, location: 7LMF
0-2: Ball
1-2: Ball
2-2: Strikes out swinging
Bottom of the 5th over - 0 runs, 0 hits, 0 errors, 0 left on base; Midland 3 - Tulsa 2
TOP OF THE 6TH
Midland RockHounds batting - Pitching for Tulsa Drillers : RHP Ángelo Vázquez
Batting: LHB Arturo Souza 0-0: Called Strike
0-1: Ball
1-1: Ball
2-1: Called Strike
2-2: Foul Ball, location: 7LSF
2-2: Foul Ball, location: 7LDF
2-2: Ball
3-2: Strikes out looking
Batting: LHB Kevin Miller 0-0: Fly out, F8 (Flyball, 8LM, EV 89.4 MPH)
Batting: RHB Tim Ladner 0-0: Called Strike
0-1: Called Strike
0-2: Foul Ball, location: 2F
0-2: SOLO HOME RUN (Flyball, 7D, EV 99.4 MPH), Distance : 406 ft
Batting: LHB Steve Hamilton 0-0: Ground out 4-3 (Groundball, 4, EV 105.0 MPH)
Top of the 6th over - 1 run, 1 hit, 0 errors, 0 left on base; Midland 4 - Tulsa 2
BOTTOM OF THE 6TH
Tulsa Drillers batting - Pitching for Midland RockHounds : RHP Tomás Jaramillo
Batting: LHB Phil Simmons 0-0: TRIPLE (Flyball, 89XD, EV 90.6 MPH)
Batting: RHB Aodhán Drinkall 0-0: Foul Ball, location: 2F
0-1: Ball
1-1: Fly out, F8 (Line Drive, 8RXD, EV 98.1 MPH)
Runner from 3rd tags up, SCORES, no throw by CF
Batting: RHB Qabil Makaev 0-0: Foul Ball, location: 2F
0-1: DOUBLE (Line Drive, 78M, EV 110.0 MPH)
Pitching: RHP Tim Elliott
Batting: LHB Orlando Aponte 0-0: Called Strike
0-1: Foul Ball, location: 2F
0-2: Ball
1-2: Ball
2-2: Fly out, F7 (Flyball, 7, EV 91.3 MPH)
Batting: LHB Wilbert McDermid 0-0: Called Strike
0-1: Ball
1-1: Ball
2-1: Ball
3-1: Base on Balls
Batting: LHB Cris Adaricio 0-0: Ball
1-0: Ball
2-0: Ball
3-0: Called Strike
3-1: Foul Ball, location: 2RF
3-2: Base on Balls
Qabil Makaev to third
Wilbert McDermid to second
Batting: LHB Gilberto Hernández 0-0: Foul Ball, location: 2F
0-1: Ball
1-1: Ball
2-1: Swinging Strike
2-2: Ball
3-2: Strikes out swinging
Bottom of the 6th over - 1 run, 2 hits, 0 errors, 3 left on base; Midland 4 - Tulsa 3
TOP OF THE 7TH
Midland RockHounds batting - Pitching for Tulsa Drillers : RHP Ángelo Vázquez
Batting: RHB Sandoval Buitrago 0-0: Ground out 6-3 (Groundball, 6, EV 80.6 MPH)
Batting: SHB Jim Douglas 0-0: Ball
1-0: Called Strike
1-1: Swinging Strike
1-2: Foul Ball, location: 7LDF
1-2: Strikes out swinging
Batting: SHB Jim Brown 0-0: Ball
1-0: Called Strike
1-1: Ball
2-1: SINGLE (Groundball, 4MD, EV 96.3 MPH)
Pitching: RHP Alphonse Canalo
Batting: LHB Jim Gibson 0-0: Called Strike
0-1: Foul Ball, location: 2F
0-2: Strikes out swinging
Top of the 7th over - 0 runs, 1 hit, 0 errors, 1 left on base; Midland 4 - Tulsa 3
BOTTOM OF THE 7TH
Tulsa Drillers batting - Pitching for Midland RockHounds : RHP Tim Elliott
Pinch Hitting: LHB Jorge Domínguez 0-0: Ball
1-0: Called Strike
1-1: Called Strike
1-2: Ball
2-2: Strikes out swinging
Pinch Hitting: LHB Gene Owen 0-0: Ball
1-0: Ball
2-0: Ball
3-0: Called Strike
3-1: Swinging Strike
3-2: Base on Balls
Pitching: RHP Héctor López
Batting: LHB Phil Simmons 0-0: Ball
1-0: Ball
2-0: 2-RUN HOME RUN (Flyball, 7LD, EV 96.9 MPH), Distance : 345 ft
Batting: RHB Aodhán Drinkall 0-0: Called Strike
0-1: Swinging Strike
0-2: Ball
1-2: SINGLE (Groundball, 6MD, EV 97.5 MPH)
Batting: RHB Qabil Makaev 0-0: Ball
1-0: Ball
2-0: Ball
3-0: Base on Balls
Aodhán Drinkall to second
Batting: LHB Orlando Aponte 0-0: Called Strike
0-1: Fly out, F4 (Line Drive, 4, EV 70.6 MPH)
Batting: LHB Wilbert McDermid 0-0: Ball
1-0: Fielders Choice at 2nd, 6-4 (Groundball, 6, EV 108.8 MPH)
Bottom of the 7th over - 2 runs, 2 hits, 0 errors, 2 left on base; Midland 4 - Tulsa 5
TOP OF THE 8TH
Midland RockHounds batting - Pitching for Tulsa Drillers : RHP Alphonse Canalo
Now at 3B: Orlando Aponte
Now at SS: Alfredo Gutiérrez
Now in LF: Mal Williams
Pinch Hitting: LHB Bobby Heyward 0-0: Foul Ball, location: 23FF
0-1: Ball
1-1: Ball
2-1: Foul Ball, location: 9LSFF
2-2: Ball
3-2: Foul Ball, location: 2F
3-2: Base on Balls
Batting: LHB Arturo Souza 0-0: Ball
1-0: Sac Bunt to 5S - play at first, batter OUT! 5-3
Bobby Heyward to second
Pinch Hitting: RHB Bob Page 0-0: Ball
1-0: Ball
2-0: Ball
3-0: Base on Balls
Batting: RHB Tim Ladner 0-0: Foul Ball, location: 2F
0-1: Ball
1-1: Ball
2-1: Swinging Strike
2-2: Strikes out swinging
Batting: LHB Steve Hamilton 0-0: Called Strike
0-1: Ball
1-1: Foul Ball, location: 2F
1-2: Strikes out swinging
Top of the 8th over - 0 runs, 0 hits, 0 errors, 2 left on base; Midland 4 - Tulsa 5
BOTTOM OF THE 8TH
Tulsa Drillers batting - Pitching for Midland RockHounds : RHP Héctor López
Now at 2B: Bob Page
Now at SS: Al Lee
Batting: LHB Cris Adaricio 0-0: Called Strike
0-1: Ball
1-1: Ball
2-1: SINGLE (Groundball, 6MD, EV 97.5 MPH)
Batting: LHB Gilberto Hernández 0-0: Called Strike
0-1: Ball
1-1: Ball
2-1: Called Strike
2-2: DOUBLE (Flyball, 89XD, EV 98.1 MPH)
Cris Adaricio to third
Batting: RHB Mal Williams 0-0: Foul Ball, location: 9LMF
0-1: Ball
1-1: Ground out 5-3 (Groundball, 15, EV 85.6 MPH)
Batting: RHB Alfredo Gutiérrez 0-0: Ball
1-0: Ball
2-0: Called Strike
2-1: Called Strike
2-2: Fly out, F9 (Flyball, 9, EV 92.5 MPH)
Runner from 3rd tags up, SCORES, no throw by RF
Batting: LHB Phil Simmons 0-0: Ball
1-0: Called Strike
1-1: Ball
2-1: Ball
3-1: Foul Ball, location: 5SF
3-2: Base on Balls
Batting: RHB Aodhán Drinkall 0-0: Swinging Strike
0-1: Foul Ball, location: 7LMF
0-2: Ball
1-2: Ball
2-2: Ball
3-2: Foul Ball, location: 5DF
3-2: Base on Balls
Gilberto Hernández to third
Phil Simmons to second
Pitching: RHP Ken Ross
Batting: RHB Qabil Makaev 0-0: Ball
1-0: Called Strike
1-1: Ground out U3 (Groundball, 13, EV 80.6 MPH)
Bottom of the 8th over - 1 run, 2 hits, 0 errors, 3 left on base; Midland 4 - Tulsa 6
TOP OF THE 9TH
Midland RockHounds batting - Pitching for Tulsa Drillers : RHP Alphonse Canalo
Pitching: RHP Bob Richardson
Now in CF: Geoff French
Now in RF: Cris Adaricio
Batting: RHB Sandoval Buitrago 0-0: DOUBLE (Line Drive, 78M, EV 98.8 MPH)
Batting: SHB Jim Douglas 0-0: Swinging Strike
0-1: Ball
1-1: Ball
2-1: Ground out 1-3 (Groundball, 13S, EV 68.8 MPH)
Sandoval Buitrago to third
Batting: SHB Jim Brown 0-0: Called Strike
0-1: Foul Ball, location: 7LDF
0-2: Foul Ball, location: 7LSF
0-2: Ball
1-2: Strikes out swinging
Batting: LHB Jim Gibson 0-0: Swinging Strike
0-1: Ball
1-1: Ball
2-1: Foul Ball, location: 2F
2-2: Strikes out swinging
Top of the 9th over - 0 runs, 1 hit, 0 errors, 1 left on base; Midland 4 - Tulsa 6
Friday, May 3rd , 2024 - OOTP Baseball 24.10 Build 82